 Dungeon Crawl Stone Soup version 0.32-a0-42-ga30500b (webtiles) character file.

Game seed: 18106415674617388516

45 Dorkslayer the Ruffian (level 3, -1/23 HPs)
             Began as an Octopode Shapeshifter on Jan 28, 2024.
             Slain by a gnoll
             ... wielding a +0 spear
              (8 damage)
             ... on level 2 of the Dungeon.
             The game lasted 00:03:12 (1087 turns).

Dorkslayer the Ruffian (Octopode Shapeshifter)      Turns: 1087, Time: 00:03:13

Health: -1/23      AC:  1    Str: 15    XL:     3   Next: 64%
Magic:  3/3        EV: 13    Int: 12    God:
Gold:   58         SH:  0    Dex: 11    Spells: 2/2 levels left

rFire   . . .        h - +1 whip (venom)
rCold   . . .        (no shield)
rNeg    . . .        (helmet currently unavailable)
rPois   .            (no amulet)
rElec   .            (no ring)
rCorr   .            (no ring)
SInv    .            (no ring)
Will    .....        (no ring)
Stlth   +++          (no ring)
HPRegen 0.23/turn    (no ring)
MPRegen 0.08/turn    (no ring)
                     (no ring)

%: no passive effects
@: beast-form
A: beast (slay +1), almost no armour, amphibious, 8 rings, camouflage 1,
gelatinous body 1, (nimble swimmer 1), tentacles
a: Begin Untransformation


You were on level 2 of the Dungeon.
You were a hulking beast.
You visited 1 branch of the dungeon, and saw 2 of its levels.

You collected 58 gold pieces.

Inventory:

Hand Weapons
 h - a +1 whip of venom (weapon)
Missiles
 i - 4 boomerangs (quivered)
Talismans
 b - a beast talisman
 c - a flux talisman
Wands
 l - a wand of charming (4)
Scrolls
 f - a scroll of enchant weapon {unknown}
 g - a scroll of teleportation {unknown}
 j - 2 scrolls of identify {unknown}
Potions
 a - 2 potions of lignification
 d - a potion of degeneration {unknown}
 e - 2 potions of curing
 k - a potion of might {unknown}


   Skills:
 + Level 1.1 Fighting
 + Level 2.0 Dodging
 + Level 2.0 Stealth
 * Level 3.6 Unarmed Combat
 + Level 3.4 Shapeshifting


You had 2 spell levels left.
You didn't know any spells.
Your spell library contained the following spells:

 Spells                   Type           Power      Damage    Failure   Level
 Blink                    Tloc           0%         N/A       45%         2
 Lesser Beckoning         Tloc           0%         N/A       45%         2
 Momentum Strike          Conj/Tloc      0%         3d8       45%         2
 Fugue of the Fallen      Necr           0%         N/A       69%         3
 Ozocubu's Armour         Ice            0%         N/A       69%         3
 Manifold Assault         Tloc           0%         N/A       97%         4


Dungeon Overview and Level Annotations

Branches:
Dungeon (2/15)

Altars:


Innate Abilities, Weirdness & Mutations

You are a hulking beast.
Your limbs bulge with bestial killing power. (Slay +1)
You cannot wear most types of armour.
You are amphibious.
You can wear up to eight rings at the same time.
Your skin changes colour to match your surroundings (Stealth+).
Your rubbery body absorbs attacks. (AC +1, EV +1)
((You are camouflaged when in or above water. (Stealth+)))
You have tentacles for arms and can constrict up to eight enemies at once.


Message History

You kill the rat!
The gnoll barely misses you.
Aiming: Charm
Press: ? - help, Shift-Dir - straight line, f - gnoll
Aim: a gnoll, wielding a +0 halberd (chance to affect: 57%)
The gnoll resists with significant effort.
Aiming: Charm
Press: ? - help, Shift-Dir - straight line, f/p - gnoll
Aim: a gnoll, wielding a +0 halberd (chance to affect: 57%)
The gnoll is charmed.
The gnoll hits your gnoll with a +0 halberd!
Your gnoll dies!
Aiming: Charm
Press: ? - help, Shift-Dir - straight line, f/p - gnoll
Aim: a gnoll, wielding a +0 halberd (chance to affect: 57%)
The gnoll resists with significant effort.
Aiming: Charm
Press: ? - help, Shift-Dir - straight line, f/p - gnoll
Aim: a gnoll, wielding a +0 halberd (chance to affect: 57%)
The gnoll resists with significant effort.
The gnoll hits you from afar with a +0 spear.
Aiming: Charm
Press: ? - help, Shift-Dir - straight line, f/p - gnoll
Aim: a gnoll, wielding a +0 halberd (chance to affect: 57%)
The gnoll is charmed.
Aiming: Charm
Press: ? - help, Shift-Dir - straight line, f/p - gnoll
Aim: a gnoll, wielding a +0 halberd (chance to affect: 57%)
The gnoll is charmed.
The gnoll hits you from afar with a +0 spear.
* * * LOW HITPOINT WARNING * * *
The gnoll hits your gnoll with a +0 spear.
It was a potion of curing.
You feel better.
You swap places.
The gnoll hits you with a +0 spear.
You hit the gnoll.
The gnoll is poisoned.
You grab the gnoll.
The gnoll is lightly wounded.
You constrict the gnoll.
Your gnoll hits the gnoll from afar with a +0 spear.
Your gnoll barely misses the gnoll.
The gnoll hits you with a +0 spear!
You die...

##### # #...# # #...# .#
#>..# . ##...# #....#
###### #####†..g###
#....# ##.......ghg###
#....#
###..########.).###....#
#####...## ###...#....#
#.....### ###......#
..##### ###....#
.....##### ##..gg..#
...#.....## ###..#....#
##........#
###...##....# ....######
#.........###


You could see a gnoll (very poisoned, ally target) and 2 friendly gnolls.

Vanquished Creatures
  An adder (D:2)
  A dart slug (D:2)
  An orc (D:2)
  5 ball pythons
  5 bats
  4 endoplasms
  A giant cockroach (D:1)
  3 hobgoblins
  2 goblins (D:1)
  3 kobolds
  3 rats
29 creatures vanquished.

Vanquished Creatures (others)
  A gnoll (D:2)
1 creature vanquished.

Grand Total: 30 creatures vanquished

Notes
Turn   | Place    | Note
-------+----------+-------------------------------------------
     0 | D:1      | Dorkslayer the Octopode Shapeshifter began the quest for
                  | the Orb.
     0 | D:1      | Reached XP level 1. HP: 13/13 MP: 1/1
   263 | D:1      | Reached XP level 2. HP: 18/18 MP: 2/2
   906 | D:2      | Reached skill level 1 in Stealth
   906 | D:2      | Reached XP level 3. HP: 23/23 MP: 3/3
  1087 | D:2      | Slain by a gnoll

Illustrated notes

Levels and vault maps discovered:
D:1:      psy_arrival_conway, layout_basic, columned_hall_lemuel
D:2:      layout_rooms, minmay_cut_off

Skill      XL: |  1  2  3 |
---------------+----------+-----
Stealth        | 1 2 |  2.0
Fighting       | |  1.1
Dodging        | |  2.0
Unarmed Combat | |  3.6
Shapeshifting  | |  3.4

Action                     || total
---------------------------++-------
  Melee: Unarmed           ||    14
         Constrict         ||    15
         Tentacles         ||     7
         Whip              ||    38
         Punch             ||     1
  Evoke: Wand              ||     6
    Use: Potion            ||     1
   Stab: Sleeping          ||     8
 Armour: Skin              ||    31
  Dodge: Dodged            ||    45

Table legend: (Time is in decaauts)
 A = Elapsed time spent in this place.
 B = Non-inter-level travel time spent in this place.
 C = Inter-level travel time spent in this place.
 D = Time resting spent in this place.
 E = Time spent auto-exploring this place.
 F = Levels seen in this place.
 G = Mean time per level.
                   A        B        C        D        E       F      G
               +--------+--------+--------+--------+--------+-----+--------+
         Total |   1089 |   1084 |      5 |      0 |    760 |   2 |  544.5 |
       Dungeon |   1089 |   1084 |      5 |      0 |    760 |   2 |  544.5 |
               +--------+--------+--------+--------+--------+-----+--------+

Top non-repeatable levels by time:
     D:1: 849 daAuts
     D:2: 239 daAuts
